Map: Kairos Junction LE

Players

Zanster

  • Race: Zerg Zerg
  • Spawn Location: 5:00

HateMe - Winner!

  • Race: Zerg Zerg
  • Spawn Location: 11:00

Event: 2019 WCS Winter Europe

VOD

Have the link to the VOD?

Description

Time

  • Played on: Feb. 10, 2019, 11:45 a.m.
  • Length: 8:12

All games in this series

Show
View Real Time Build Order
Export as new Build Order

Zanster Zerg 

Build Orders: Hatch First, Roach Nydus 

Get SALT Encoding   

  12  0:00  Drone  
  13  0:13  Overlord  
  13  0:16  Drone  
  14  0:31  Drone x2  
  16  0:49  Hatchery  
  15  0:53  Drone  
  15  0:54  Drone  
  17  1:11  Spawning Pool  
  17  1:12  Drone  
  17  1:14  Extractor  
  17  1:17  Drone  
  17  1:21  Drone  
  18  1:29  Drone  
  20  1:40  Drone  
  20  1:50  Overlord  
  20  1:58  Queen  
  20  2:01  Queen  
  22  2:02  Drone  
  22  2:03  Drone  
  26  2:11  Zergling x2  
  26  2:12  Drone  
  28  2:22  Drone x2  
  30  2:33  Drone x2  
  30  2:35  Evolution Chamber  
  30  2:36  Queen  
  31  2:43  Drone  
  34  2:44  Roach Warren  
  34  2:46  Metabolic Boost  
  34  2:50  Drone  
  34  2:56  Overlord  
  34  2:58  Drone  
  35  3:02  Zerg Missile Weapons Level 1  
  35  3:06  Drone  
  36  3:15  Drone x5  
  36  3:17  Drone  
  42  3:22  Overlord  
  42  3:25  Drone  
  43  3:31  Overlord  
  43  3:34  Extractor  
  43  3:41  Lair  
  42  3:44  Zergling x12  
  48  3:49  Zergling x6  
  50  3:56  Zergling x2  
  51  4:03  Zergling x2  
  51  4:05  Overlord  
  52  4:12  Hatchery, Drone x3  
  52  4:16  Drone  
  56  4:17  Drone  
  56  4:19  Extractor, Drone  
  56  4:22  Drone  
  57  4:26  Drone  
  57  4:27  Drone  
  58  4:31  Drone  
  54  4:40  Roach  
  54  4:43  Roach  
  54  4:44  Roach x3  
  64  4:45  Roach  
  64  4:49  Roach x2  
  68  4:57  Overlord x2  
  68  4:59  Zerg Missile Weapons Level 2  
  67  5:05  Roach  
  67  5:09  Glial Reconstitution  
  67  5:13  Roach  
  67  5:14  Roach  
  67  5:15  Overlord  
  67  5:19  Queen  
  65  5:29  Roach x3  
  65  5:30  Roach  
  72  5:39  Queen  
  72  5:42  Drone  
  75  5:43  Nydus Network  
  75  5:49  Overseer  
  74  5:53  Hatchery  
  74  5:55  Roach x2  
  77  5:58  Roach  
  77  6:02  Overlord  
  79  6:04  Roach  
  79  6:06  Roach  
  79  6:08  Roach  
  79  6:11  Roach  
  87  6:13  Overlord  
  87  6:17  Roach  
  89  6:21  Roach  
  91  6:30  Roach  
  91  6:31  Roach x3  
  99  6:32  Overlord  
  99  6:43  Overseer  
  99  6:44  Roach  
  99  6:45  Roach  
  103  6:53  Roach x4  
  111  6:59  Roach  
  113  7:05  Queen  
  113  7:06  Drone x3  
  118  7:16  Overlord  
  118  7:18  Roach x2  
  113  7:38  Roach x7, Roach Warren  
  113  7:39  Roach  
  117  7:47  Roach  
  117  7:48  Roach  
Show
View Real Time Build Order
Export as new Build Order

HateMe Zerg - Winner!

Build Orders: Hatch First 

Get SALT Encoding   

  12  0:00  Drone  
  13  0:12  Overlord  
  13  0:16  Drone  
  14  0:30  Drone x2  
  16  0:48  Hatchery  
  15  0:51  Drone  
  15  0:55  Drone  
  17  0:58  Drone  
  18  1:09  Extractor  
  17  1:13  Spawning Pool  
  17  1:16  Drone  
  17  1:19  Drone  
  18  1:28  Drone  
  19  1:38  Drone  
  20  1:49  Drone  
  21  1:59  Overlord  
  21  2:01  Queen x2  
  21  2:02  Zergling x2  
  26  2:11  Metabolic Boost, Drone x2  
  28  2:24  Drone x2  
  30  2:33  Hatchery  
  30  2:35  Drone  
  30  2:38  Drone  
  31  2:44  Drone  
  32  2:52  Evolution Chamber  
  32  2:53  Overlord  
  32  2:55  Drone x2  
  33  3:10  Roach Warren  
  33  3:12  Drone  
  33  3:13  Overlord, Drone x3  
  33  3:16  Drone  
  36  3:21  Zerg Missile Weapons Level 1  
  36  3:22  Drone  
  37  3:27  Zergling x4  
  37  3:31  Zergling x2  
  37  3:33  Zergling x2  
  41  3:39  Zergling x2  
  42  3:43  Overlord  
  42  3:44  Drone x5  
  47  3:50  Extractor  
  47  3:51  Extractor, Drone x2  
  47  3:56  Lair  
  47  3:58  Drone  
  47  4:00  Drone  
  47  4:02  Drone  
  50  4:09  Zergling x6  
  53  4:11  Zergling x4  
  53  4:12  Zergling x2  
  53  4:16  Zergling x6  
  59  4:19  Zergling x4  
  61  4:25  Zergling x2  
  61  4:30  Zergling x2  
  61  4:31  Zergling x2  
  63  4:34  Zergling x2  
  63  4:37  Queen  
  59  4:42  Overlord  
  59  4:50  Queen  
  61  4:53  Overlord  
  61  4:56  Nydus Network, Roach  
  61  4:59  Roach  
  64  5:04  Roach x2  
  64  5:06  Roach  
  70  5:09  Roach  
  70  5:10  Roach  
  70  5:12  Queen  
  70  5:13  Roach  
  72  5:15  Roach  
  72  5:20  Zerg Missile Weapons Level 2  
  71  5:26  Glial Reconstitution  
  71  5:31  Roach  
  70  5:37  Roach x2  
  70  5:40  Roach  
  76  5:46  Roach x2  
  80  5:52  Roach  
  80  5:53  Overlord x2  
  82  6:15  Roach x5  
  82  6:16  Roach x3  
  98  6:25  Overlord x2  
  98  6:31  Overseer  
  98  6:32  Overlord x2  
  98  6:38  Overlord  
  98  6:45  Roach x5  
  98  6:46  Roach x3  
  114  6:50  Overlord  
  114  6:55  Roach x2  
  118  7:02  Nydus Canal  
  118  7:05  Roach x3  
  124  7:16  Nydus Canal  
  124  7:21  Roach  
  124  7:22  Roach x3  
  132  7:32  Roach x3  
  132  7:36  Roach  
  136  7:40  Roach  
  126  7:44  Nydus Canal  
  126  7:56  Drone  
  126  7:57  Drone x11  
Tags
 
Add a new tag
Caveats
  • Supply blocks, unpowered buildings, or Contaminate may cause inaccurate times.
  • Supply counts are checked every 10 seconds.